 Dungeon Crawl Stone Soup version 0.31-a0-889-g1a8549509d (webtiles) character file.

Game seed: 14060404247145142797

174452 Scypho the Severer (level 17, -14/160 HPs)
             Began as a Minotaur Fighter on Oct 16, 2023.
             Was a High Priest of Makhleb.
             Demolished by a salamander
             ... wielding a +4 vampiric trident
              (15 damage)
             ... on level 1 of the Snake Pit.
             The game lasted 01:40:55 (22023 turns).

Scypho the Severer (Minotaur Fighter)              Turns: 22023, Time: 01:40:56

Health: -14/160    AC: 24    Str: 26    XL:     17   Next: 20%
Magic:  0/28       EV: 16    Int: 13    God:    Makhleb [*****.]
Gold:   2158       SH: 16    Dex: 18    Spells: 16/16 levels left

rFire   + + .        P - +7 broad axe of the Ten Seers {flame, rC+}
rCold   + + .        C - +2 kite shield {reflect}
rNeg    + . .        z - +1 fire dragon scales
rPois   .            w - +2 hat
rElec   +            q - +0 cloak
rCorr   +            N - +2 pair of gloves of Autumn {rCorr Str+2 Int+4}
SInv    .            J - +2 pair of boots of Aguafeur {rC+}
Will    +....        Y - amulet "Totavvuonk" {Spirit Dex+4} Stlth
                     e - ring "Jarheges" {Fly rElec rC+ rN+ Str+3}
HPRegen 0.46/turn    u - ring of poison resistance
MPRegen 0.21/turn

%: reflection, guardian spirit
@: lethally poisoned (-14 -> -37), poison vulnerable, flying, studying Fighting
A: horns 2, retaliatory headbutt
}: 1/15 runes: decaying
a: Renounce Religion, Minor Destruction, Lesser Servant of Makhleb, Major
Destruction, Greater Servant of Makhleb


You were on level 1 of the Snake Pit.
You worshipped Makhleb.
Makhleb was extremely pleased with you.
You visited 5 branches of the dungeon, and saw 25 of its levels.
You visited the Abyss 1 time.
You also visited: Bailey.

You collected 2198 gold pieces.
You spent 40 gold pieces at shops.

Inventory:

Hand Weapons
 P - the +7 broad axe of the Ten Seers (weapon) {flame, rC+}
   (You found it on level 2 of the Lair of Beasts)

   rC+:       It protects you from cold.
Missiles
 g - 9 boomerangs
 s - 4 throwing nets
Armour
 q - a +0 cloak (worn)
 w - a +2 hat (worn)
 z - +1 fire dragon scales (worn)
 C - a +2 kite shield of reflection (worn)
 J - the +2 pair of boots of Aguafeur (worn) {rC+}
   (You found it on level 8 of the Dungeon)

   rC+:       It protects you from cold.
 N - the +2 pair of gloves of Autumn (worn) {rCorr Str+2 Int+4}
   (You found it on level 9 of the Dungeon)

   Str+2:     It affects your strength (+2).
   Int+4:     It affects your intelligence (+4).
   rCorr:     It protects you from acid and corrosion.
Jewellery
 c - a ring of fire
 e - the ring "Jarheges" (left hand) {Fly rElec rC+ rN+ Str+3}
   (You found it on level 3 of the Dungeon)

   [ring of flight]

   Str+3:     It affects your strength (+3).
   rC+:       It protects you from cold.
   rElec:     It insulates you from electricity.
   rN+:       It protects you from negative energy.
   Fly:       It grants you flight.
 u - a ring of poison resistance (right hand)
 v - the ring "Mon Yduv" {rF+ rN+ EV+5}
   (You took it off a death knight on level 12 of the Dungeon)

   [ring of evasion]

   EV+5:      It affects your evasion (+5).
   rF+:       It protects you from fire.
   rN+:       It protects you from negative energy.
 F - a ring of flight
 K - the ring of Dinok {rF+ rN+ Str+2 SInv Stlth+}
   (You took it off a deep elf pyromancer on level 12 of the Dungeon)

   [ring of see invisible]

   Str+2:     It affects your strength (+2).
   rF+:       It protects you from fire.
   rN+:       It protects you from negative energy.
   SInv:      It lets you see invisible.
   Stlth+:    It makes you more stealthy.
 Y - the amulet "Totavvuonk" (around neck) {Spirit Dex+4}
   (You found it on level 1 of the Lair of Beasts)

   [amulet of guardian spirit]

   Spirit:    It causes incoming damage to be divided between your reserves of
   health and magic.
   Dex+4:     It affects your dexterity (+4).
Wands
 b - a wand of mindburst (11)
 d - a wand of digging (6)
 E - a wand of iceblast (11)
 G - a wand of flame (62)
 O - a wand of charming (2)
Scrolls
 a - a scroll of silence
 f - 4 scrolls of enchant armour
 h - 7 scrolls of teleportation
 i - 3 scrolls of identify
 t - 4 scrolls of poison
 y - 2 scrolls of enchant weapon
 D - a scroll of torment
 L - 3 scrolls of revelation
 R - 2 scrolls of brand weapon
 S - a scroll of fog
 T - a scroll of immolation
 U - a scroll of vulnerability
Potions
 j - 4 potions of curing
 k - 6 potions of heal wounds
 l - 3 potions of berserk rage
 m - 5 potions of invisibility
 n - 7 potions of attraction
 o - a potion of resistance
 p - 3 potions of mutation
 r - 6 potions of haste
 x - a potion of cancellation
 A - 2 potions of brilliance
 B - a potion of ambrosia
 H - 6 potions of might
 I - 3 potions of lignification
 M - 2 potions of enlightenment
 Q - a potion of magic


   Skills:
 + Level 16.6 Fighting
 - Level 17.9(18.0) Axes
 - Level 1.6(11.8) Maces & Flails
 + Level 13.3 Armour
 + Level 11.7 Dodging
 * Level 15.6 Shields
 + Level 16.9 Invocations


You had 16 spell levels left.
You didn't know any spells.
Your spell library contained the following spells:

 Spells                   Type           Power      Damage    Failure   Level
 Foxfire                  Conj/Fire      0%         2x1d4     67%         1
 Freeze                   Ice            0%         1d3       67%         1
 Slow                     Hex            0%         N/A       67%         1
 Lesser Beckoning         Tloc           0%         N/A       80%         2
 Confusing Touch          Hex            0%         N/A       95%         3
 Frozen Ramparts          Ice            0%         1d1       95%         3
 Gell's Gravitas          Tloc           0%         N/A       95%         3
 Hailstorm                Conj/Ice       0%         3d3       95%         3
 Ozocubu's Armour         Ice            0%         N/A       95%         3
 Sigil of Binding         Hex            0%         N/A       95%         3
 Teleport Other           Tloc           0%         N/A       95%         3
 Tukima's Dance           Hex            0%         N/A       95%         3
 Vampiric Draining        Necr           0%         2d6       95%         3
 Brom's Barrelling Bould  Conj/Erth      0%         2d3       100%        4
 Cause Fear               Hex            0%         N/A       100%        4
 Dimensional Bullseye     Hex/Tloc       0%         N/A       100%        4
 Iskenderun's Mystic Bla  Conj/Tloc      0%         2d3       100%        4
 Passage of Golubria      Tloc           0%         N/A       100%        4
 Borgnjor's Vile Clutch   Necr/Erth      0%         N/A       100%        5
 Fireball                 Conj/Fire      0%         3d3       100%        5
 Iskenderun's Battlesphe  Conj           0%         2d6       100%        5
 Lee's Rapid Deconstruct  Erth           0%         3d4*      100%        5
 Silence                  Hex/Air        0%         N/A       100%        5
 Conjure Ball Lightning   Conj/Air       0%         3x3d6     100%        6
 Plasma Beam              Fire/Air       0%         2x1d10    100%        6
 Starburst                Conj/Fire      0%         6d3       100%        6
 Orb of Destruction       Conj           0%         9d5       100%        7
 Ozocubu's Refrigeration  Ice            0%         4d7       100%        7
 Lehudib's Crystal Spear  Conj/Erth      0%         10d2      100%        8
 Dragon's Call            Summ           0%         N/A       100%        9
 Shatter                  Erth           0%         3d5*      100%        9


Dungeon Overview and Level Annotations

Branches:
Dungeon (15/15)            Temple (1/1) D:4            Lair (4/5) D:8
  Swamp (4/4) Lair:3        Snake (1/4) Lair:3        Slime (0/5) Lair:4
    Orc (0/2) D:10         Vaults (0/5) D:14         Depths (0/4) D:15
 Bailey (visited)

Altars:
Ashenzari
Cheibriados
Dithmenos
Elyvilon
Fedhas
Gozag
Hepliaklqana
Kikubaaqudgha
Makhleb
Nemelex Xobeh
Okawaru
Qazlal
Ru
Sif Muna
Trog
Uskayaw
Vehumet
Wu Jian
Xom
Yredelemnul
Zin
The Shining One
Jiyva

Shops:
D:4 ?   D:10 (

Annotations:
D:15 1 runed translucent door, Ytwo Fev's ghost, adept HuIE
Lair:1 exclusion: oklob plant


Innate Abilities, Weirdness & Mutations

You have a pair of horns on your head.
You reflexively headbutt those who attack you in melee.


Message History

The naga ritualist no longer looks unusually strong.
* * * LOW HITPOINT WARNING * * *
You are more poisoned.
The naga mage spits poison at you.
The splash of poison hits you but does no damage.
You are more poisoned.
You block the salamander's attack. You block the naga warrior's attack.
The naga completely misses you.
The naga mage hits you but does no damage.
You block the salamander's attack. The naga ritualist closely misses you.
The naga warrior spits poison at you. The splash of poison hits you!
You are more poisoned.
* * * LOW HITPOINT WARNING * * *
The naga spits poison at you. The splash of poison hits you.
You are more poisoned.
* * * LOW HITPOINT WARNING * * *
You feel much better.
You feel yourself speed up.
You feel extremely sick.
* * * LOW HITPOINT WARNING * * *
You are more poisoned.
The naga ritualist's toxic aura wanes.
You block the naga mage's attack.
You block the naga's attack. x2; You block the naga mage's attack.
The naga ritualist invokes the aid of its god against you.
You feel yourself grow more vulnerable to poison.
The salamander misses you. You furiously retaliate!
You headbutt the salamander. You block the naga warrior's attack.
The naga hits you from afar with a +0 halberd!!
* * * LOW HITPOINT WARNING * * *
The naga completely misses you. The naga closely misses you.
The naga mage hits you from afar with a +0 spear.
* * * LOW HITPOINT WARNING * * *
As you read the scroll of fog, it dissolves into smoke.
* * * LOW HITPOINT WARNING * * *
You feel extremely sick. You block the naga ritualist's attack.
The salamander hits you with a +4 vampiric trident!
You die...

......###..####
...............
#.............
##........8....
#......8.....8.
.....)....#....
......NN..#....
...#.§8§§§#...8
#..N§@N§#....
#....§§NN#....
#.#.§.8§§...8.
# #......8....
..#..........
##............
###..........
###########


You could see a naga warrior, a salamander (strong), a naga ritualist, a naga
mage (fast, strong) and 2 nagas.

Vanquished Creatures
  the Lernaean hydra (Swamp:4)
  Rupert (Lair:3)
  Kirke (Swamp:2)
  4 thorn hunters
  2 fenstrider witches
  Donald (Swamp:4)
  A stone giant (D:15)
  10 eleionomae
  4 bunyips
  A fire dragon (D:12)
  Erolcha (D:11)
  4 vault guards (D:14)
  25 hydras
  4 catoblepae
  3 two-headed ogres
  4 centaur warriors
  3 anacondas
  14 alligators
  6 boulder beetles
  2 death knights
  5 tengu warriors
  2 naga sharpshooters (Snake:1)
  A spriggan berserker (Swamp:4)
  Sonja (D:12)
  2 skysharks
  6 goliath frogs
  A shadow wraith (D:12)
  A fire crab (Lair:3)
  13 swamp dragons
  A deep troll (D:15)
  A death drake (Swamp:2)
  Lodul (D:11)
  Pikel (D:8)
  An obsidian statue (D:12)
  A phantasmal warrior (D:15)
  3 bog bodies
  An orc knight (D:15)
  6 deep elf pyromancers
  5 mana vipers
  A lindwurm (Lair:2)
  18 ugly things
  2 salamanders (Snake:1)
  4 will-o-the-wisps
  4 cyclopes
  5 manticores
  8 elephants
  13 black mambas
  3 gargoyles
  2 naga magi
  2 torpor snails (Lair:3)
  An unseen horror (D:12)
  11 cane toads
  Psyche (D:12)
  10 rime drakes
  A yaktaur (D:12)
  Maggie (Lair:2)
  2 kobold demonologists (D:9)
  2 efreet
  9 komodo dragons
  3 tengu conjurers (D:15)
  3 trolls
  5 polar bears
  A bloated husk (Swamp:2)
  4 tyrant leeches
  5 hornets
  Grinder (D:6)
  11 blink frogs (Lair:4)
  2 dream sheep (Lair:3)
  4 spriggans
  6 slime creatures (D:14)
  A shadow (D:12)
  8 wyverns
  2 vampires
  5 wraiths
  A human (D:9)
  30 yaks
  2 steam dragons
  7 hogs
  4 basilisks
  5 vampire mosquitoes
  A warg (D:15)
  4 nagas
  13 swamp worms
  4 hell hounds (D:15)
  11 water moccasins
  5 swamp drakes (Swamp:4)
  A sky beast (D:8)
  8 orc warriors
  6 ice beasts
  4 black bears
  5 ogres
  13 wolves
  12 centaurs
  2 lemures (D:8)
  A phantom (D:5)
  11 bullfrogs
  6 kobold brigands
  4 gnoll sergeants
  2 scorpions
  10 wights
  7 killer bees
  5 howler monkeys
  An electric eel (Lair:2)
  4 jellies
  5 orc priests
  8 orc wizards
  5 iguanas
  13 hell rats
  11 gnolls
  10 adders
  2 shadow imps
  A white imp (D:7)
  4 ufetubi (D:5)
  4 worms
  4 dart slugs
  40 orcs
  9 bats
  4 endoplasms
  4 giant cockroaches
  12 goblins
  6 hobgoblins
  2 quokkas
  12 ball pythons
  4 frilled lizards
  20 kobolds
  2 rats (D:2)
677 creatures vanquished.

Vanquished Creatures (collateral kills)
  Nikola (Swamp:1)
  A bunyip (Swamp:1)
  The ghost of deremet the Covert, a journeyman GnDe of Dithmenos (Lair:1)
  3 hydras
  A ghost crab (Swamp:1)
  A goliath frog (Swamp:2)
  A spriggan druid (Swamp:3)
  A death drake (Swamp:3)
  A swamp dragon (Swamp:1)
  An orc knight (Bailey)
  3 black mambas (Snake:1)
  A kobold demonologist (D:11)
  A komodo dragon (Lair:3)
  A bloated husk (Swamp:1)
  A polar bear (D:8)
  2 tyrant leeches (Swamp:1)
  2 spriggans
  5 yaks
  A basilisk (Lair:1)
  3 swamp worms
  A water moccasin (D:9)
  2 orc warriors
  A swamp drake (Swamp:1)
  2 ogres (D:11)
  A wolf (Lair:1)
  A kobold brigand (D:9)
  2 orc priests (D:11)
  4 orc wizards (D:11)
  5 orcs (D:11)
  4 kobolds (D:11)
55 creatures vanquished.

Vanquished Creatures (others)
  A goliath frog (Swamp:2)
  A wizard (D:15)
  A naga mage (Snake:1)
  A bloated husk (Swamp:3)
  6 foxfires
10 creatures vanquished.

Grand Total: 742 creatures vanquished

Notes
Turn   | Place    | Note
-------+----------+-------------------------------------------
     0 | D:1      | Scypho the Minotaur Fighter began the quest for the Orb.
     0 | D:1      | Reached XP level 1. HP: 19/19 MP: 0/0
   130 | D:1      | Reached skill level 3 in Axes
   367 | D:1      | Reached XP level 2. HP: 26/26 MP: 1/1
   854 | D:1      | Reached skill level 4 in Axes
  1011 | D:2      | Reached XP level 3. HP: 31/31 MP: 2/2
  1578 | D:3      | Identified the ring "Jarheges" {Fly rElec rC+ rN+ Str+3}
  1667 | D:3      | You are sucked into a shaft and drop 1 floor!
  1690 | D:4      | Found a staircase to the Ecumenical Temple.
  1704 | Temple   | Entered the Ecumenical Temple
  1732 | Temple   | Became a worshipper of Makhleb the Destroyer
  1776 | D:4      | Reached skill level 5 in Axes
  1885 | D:3      | Noticed an ice beast
  1894 | D:3      | Reached XP level 4. HP: 39/39 MP: 3/3
  1898 | D:3      | Killed an ice beast
  1899 | D:3      | Reached skill level 6 in Axes
  1899 | D:3      | Reached XP level 5. HP: 45/45 MP: 4/4
  2434 | D:4      | Noticed an ogre
  2439 | D:4      | Killed an ogre
  2439 | D:4      | Reached * piety under Makhleb
  2440 | D:4      | Reached skill level 7 in Axes
  2440 | D:4      | Reached XP level 6. HP: 40/51 MP: 4/6
  2646 | D:4      | Found Giub's Magic Scroll Shoppe.
  2659 | D:4      | Bought a scroll of identify for 20 gold pieces
  2659 | D:4      | Bought a scroll of identify for 20 gold pieces
  2883 | D:5      | Entered Level 5 of the Dungeon
  3028 | D:5      | Found a radiant altar of Vehumet.
  3028 | D:5      | Found a hazy altar of Hepliaklqana.
  3028 | D:5      | Found a sparkling altar of Nemelex Xobeh.
  3264 | D:5      | Reached skill level 8 in Axes
  3269 | D:5      | Reached XP level 7. HP: 30/57 MP: 8/8
  3556 | D:5      | Reached ** piety under Makhleb
  3623 | D:5      | Found an ornate altar of the Wu Jian Council.
  3965 | D:6      | Noticed Grinder
  3972 | D:6      | Reached skill level 9 in Axes
  3979 | D:6      | Killed Grinder
  3980 | D:6      | Reached XP level 8. HP: 64/64 MP: 10/10
  4041 | D:6      | Reached skill level 10 in Axes
  4162 | D:6      | Reached skill level 11 in Axes
  4563 | D:7      | Reached skill level 12 in Axes
  4759 | D:7      | Reached skill level 13 in Axes
  4759 | D:7      | Reached XP level 9. HP: 70/70 MP: 11/11
  4778 | D:7      | Reached *** piety under Makhleb
  5263 | D:8      | Identified the +9 rapier "Golix" {drain, rN+}
  5348 | D:8      | Noticed Pikel
  5369 | D:8      | Killed Pikel
  5370 | D:8      | Reached skill level 14 in Axes
  5500 | D:8      | Noticed a polar bear
  5508 | D:8      | Killed a polar bear
  5509 | D:8      | Reached skill level 15 in Axes
  5527 | D:8      | Noticed a rime drake
  5533 | D:8      | Killed a rime drake
  5546 | D:8      | Noticed a polar bear
  5549 | D:8      | Reached skill level 16 in Axes
  5549 | D:8      | Reached XP level 10. HP: 78/78 MP: 12/12
  5555 | D:8      | Reached skill level 1 in Dodging
  5559 | D:8      | Found a staircase to the Lair.
  5564 | D:8      | Identified the +2 pair of boots of Aguafeur {rC+}
  5898 | D:8      | Reached skill level 5 in Fighting
  6002 | D:9      | Noticed a rust devil
  6009 | D:9      | Reached skill level 5 in Armour
  6009 | D:9      | Reached skill level 5 in Shields
  6107 | D:9      | Found a flagged portal.
  6112 | D:9      | Reached **** piety under Makhleb
  6117 | Bailey   | Entered a bailey
  6265 | Bailey   | Reached skill level 5 in Invocations
  6306 | Bailey   | Identified the ring of Nuvull {Fly Int+4}
  6309 | Bailey   | Identified the +4 helmet "Teahiak" {Contam rN+ Dex+6}
  6318 | Bailey   | Noticed an orc knight
  6332 | Bailey   | Killed an orc knight
  6685 | D:9      | Noticed a two-headed ogre
  6691 | D:9      | Killed a two-headed ogre
  6692 | D:9      | Reached XP level 11. HP: 63/91 MP: 15/15
  6893 | D:9      | Identified the +2 pair of gloves of Autumn {rCorr Str+2
                  | Int+4}
  7093 | D:10     | Entered Level 10 of the Dungeon
  7100 | D:10     | Identified the +0 long sword "Beetleslayer" {drain, rCorr
                  | Str-3 Int-4 Dex+5}
  7125 | D:10     | Noticed a green ugly thing
  7135 | D:10     | Killed a green ugly thing
  7198 | D:10     | Found Saenid's Weapon Emporium.
  7226 | D:10     | Found an ancient bone altar of Kikubaaqudgha.
  7226 | D:10     | Found a glowing golden altar of the Shining One.
  7410 | D:10     | Reached skill level 10 in Invocations
  7430 | D:10     | Found a staircase to the Orcish Mines.
  7811 | D:14     | Identified the "Movviov"
  7811 | Lair:1   | Entered Level 1 of the Lair of Beasts
  7896 | Lair:1   | Reached ***** piety under Makhleb
  7968 | Lair:1   | Found a runed translucent door.
  7969 | Lair:1   | Noticed deremet's ghost (journeyman GnDe)
  7987 | Lair:1   | Killed deremet's ghost
  7989 | Lair:1   | Identified the amulet "Totavvuonk" {Spirit Dex+4}
  8118 | Lair:1   | Noticed a boulder beetle
  8133 | Lair:1   | Killed a boulder beetle
  8322 | Lair:1   | Reached XP level 12. HP: 100/100 MP: 19/19
  8830 | Lair:2   | Found the +5 Force Lance {heavy, knockback}
  9371 | Lair:2   | Identified the +7 broad axe of the Ten Seers {flame, rC+}
  9578 | Lair:2   | Noticed Maggie
  9581 | Lair:2   | Killed Maggie
  9582 | Lair:2   | Reached skill level 1 in Maces & Flails
  9761 | Lair:2   | Noticed a four-headed hydra
  9767 | Lair:2   | Killed a one-headed hydra
  9894 | Lair:3   | Noticed an eight-headed hydra
  9900 | Lair:3   | Killed a five-headed hydra
  9998 | Lair:3   | Reached skill level 17 in Axes
 10036 | Lair:3   | Noticed a catoblepas
 10043 | Lair:3   | Killed a catoblepas
 10080 | Lair:3   | Noticed a four-headed hydra
 10082 | Lair:3   | Noticed a five-headed hydra
 10084 | Lair:3   | Killed a two-headed hydra
 10088 | Lair:3   | Killed a two-headed hydra
 10089 | Lair:3   | Reached XP level 13. HP: 105/105 MP: 19/22
 10129 | Lair:3   | Noticed Rupert
 10145 | Lair:3   | Killed Rupert
 10261 | Lair:3   | Found a runed translucent door.
 10634 | Lair:3   | Reached skill level 5 in Dodging
 11016 | Lair:3   | Found a staircase to the Snake Pit.
 11200 | Lair:3   | Found a staircase to the Swamp.
 11411 | Lair:4   | Reached ****** piety under Makhleb
 11555 | Lair:4   | Found a viscous altar of Jiyva.
 11556 | Lair:4   | Found a staircase to the Slime Pits.
 11604 | Lair:4   | Reached XP level 14. HP: 113/118 MP: 21/24
 12211 | D:11     | Noticed Lodul
 12216 | D:11     | Killed Lodul
 12493 | D:11     | Noticed Erolcha
 12498 | D:11     | Killed Erolcha
 13418 | D:12     | Noticed Sonja
 13419 | D:12     | Reached skill level 15 in Invocations
 13427 | Abyss:1  | Cast into level 1 of the Abyss (Sonja)
 13476 | D:12     | Escaped the Abyss
 13480 | D:12     | Killed Sonja
 13557 | D:12     | Noticed Psyche
 13566 | D:12     | Killed Psyche
 13590 | D:12     | Identified the ring of Dinok {rF+ rN+ Str+2 SInv Stlth+}
 13594 | D:12     | Reached skill level 10 in Fighting
 13603 | D:12     | Identified the ring "Mon Yduv" {rF+ rN+ EV+5}
 13613 | D:12     | Identified the amulet "Bokhat" {Regen+ Str+3}
 14161 | D:12     | Identified the ring of Kinataca {rF- rN+ Will+ rCorr AC+4}
 14322 | D:12     | Identified the ring "Ihun" {Fly AC+4 Int+2}
 14550 | D:12     | Identified a scroll of acquirement
 14550 | D:12     | Acquired a manual of Fighting
 15646 | D:14     | Reached skill level 10 in Shields
 15734 | D:14     | Reached skill level 10 in Armour
 15939 | D:14     | Found a gate to the Vaults.
 15940 | D:14     | Noticed a balrug
 16045 | D:14     | Noticed a balrug
 16309 | D:14     | Reached XP level 15. HP: 119/130 MP: 22/25
 16540 | D:15     | Entered Level 15 of the Dungeon
 16977 | D:15     | Found a staircase to the Depths.
 16990 | D:15     | Found a radiant altar of Vehumet.
 17053 | D:15     | Found a runed translucent door.
 17053 | D:15     | Noticed Ytwo Fev's ghost (adept HuIE)
 17842 | Swamp:1  | Entered Level 1 of the Swamp
 17946 | Swamp:1  | Noticed Nikola
 17961 | Swamp:1  | Killed Nikola
 17995 | Swamp:1  | Reached skill level 10 in Dodging
 18400 | Swamp:2  | Identified the +1 spear of Gazxucic {freeze, +Blink rF+++
                  | rC- rCorr}
 18585 | Swamp:2  | Noticed Kirke
 18593 | Swamp:2  | Reached XP level 16. HP: 78/146 MP: 17/27
 18604 | Swamp:2  | Killed Kirke
 18880 | Swamp:3  | Noticed a thorn hunter
 18899 | Swamp:3  | Killed a thorn hunter
 19123 | Swamp:3  | Noticed a thorn hunter
 19189 | Swamp:3  | Killed a thorn hunter
 19550 | Swamp:3  | Reached skill level 15 in Fighting
 19964 | Swamp:4  | Entered Level 4 of the Swamp
 20344 | Swamp:4  | Noticed a thorn hunter
 20358 | Swamp:4  | Killed a thorn hunter
 20694 | Swamp:4  | Noticed the 27-headed Lernaean hydra
 20704 | Swamp:4  | Killed the 25-headed Lernaean hydra
 20722 | Swamp:4  | Reached skill level 15 in Shields
 21056 | Swamp:4  | Got a decaying rune of Zot
 21135 | Swamp:4  | Noticed a thorn hunter
 21144 | Swamp:4  | Killed a thorn hunter
 21145 | Swamp:4  | Reached XP level 17. HP: 125/158 MP: 22/28
 21284 | Swamp:4  | Noticed Donald
 21298 | Swamp:4  | Killed Donald
 21764 | Snake:1  | Entered Level 1 of the Snake Pit
 22022 | Snake:1  | HP: 7/160 [naga mage/+0 spear (2)]
 22023 | Snake:1  | HP: 1/160 [poisoned by a naga ritualist (toxic radiance)]
 22023 | Snake:1  | Demolished by a salamander

Illustrated notes

Levels and vault maps discovered:
D:1:      heliophobic_arrival_henge, layout_loops_corners, chequers_garden,
          amcnicky_mini_corridor_feature
D:2:      layout_loops_ring
D:3:      minmay_bubble_buster, layout_basic, serial_forest,
          infiniplex_forest_zigzag_2, infiniplex_forest_straight_3,
          infiniplex_forest_lined_1, infiniplex_forest_lined_3,
          infiniplex_forest_lined_3_way, infiniplex_forest_corner_1,
          infiniplex_forest_3_way, dreamdust_princess_corridor
D:4:      layout_loops_cross, minmay_temple_entry_sparse_star, serial_shops,
          shop
D:5:      layout_loops_corners, mainiacjoe_overflow_chevrons,
          chequers_temple_overflow_statue_of_worship
D:6:      layout_rooms, uniq_grinder
D:7:      layout_loops_ring, minmay_misc_feat_rugged
D:8:      layout_loops_ring, hellmonk_lair_entry_icy, uniq_pikel
D:9:      layout_irregular_city, enter_bailey_3, minivault_10, grunt_livestock,
          minmay_fractal_squares_5
D:10:     layout_rooms, nicolae_overflow_two_pavilions, serial_shops,
          nicolae_shop_real_fake_doors, serial_curves, eino_curves_04,
          eino_curves_04, eino_curves_01, eino_curves_02
D:11:     layout_irregular_city, uniq_lodul, uniq_erolcha
D:12:     minmay_the_grid_triangle_9x9_recursive_2_mashed
          [minmay_the_grid_triangle_9x9_prize_special,
          minmay_the_grid_triangle_9x9_sprig,
          minmay_the_grid_triangle_9x9_negative_grid,
          minmay_the_grid_triangle_9x9_empty], layout_irregular_city,
          abandoned_shop, minivault_15, uniq_psyche, uniq_sonja
D:13:     layout_rooms
D:14:     layout_loops_ring, lightli_vaults_fourway_checkpoint,
          minmay_misc_feat_x
D:15:     hangedman_depths_entry_civil_slaughter, layout_loops_cross,
          special_room [special_room_mythical_zoo],
          hellmonk_ghost_happy_afterlife, minmay_misc_feat_four_crosses,
          chequers_serial_rivers_micro_d, fiery_altar_vehumet
Temple:   regret_index_temple_sphere_string
Lair:1:   layout_chaotic_city, gammafunk_ghost_grave,
          nicolae_lair_grove_arrangements, minmay_lair_oklob_items
Lair:2:   layout_small_grid, chequers_serial_rivers_marsh, wad_woods_river_01,
          lemuel_fruit_tree, uniq_maggie
Lair:3:   nzn_winding_woodlands_large [nzn_winding_woodlands_5x5_perimeter,
          nzn_winding_woodlands_5x15_pathside_ponds,
          nzn_winding_woodlands_5x5_closed_star,
          nzn_winding_woodlands_center_triple_pond,
          nzn_winding_woodlands_15x15_boxy_spiral,
          nzn_winding_woodlands_center_pierced_h,
          nzn_winding_woodlands_hourglass, nzn_winding_woodlands_5x15_cabin,
          nzn_winding_woodlands_5x5_open_star], layout_regular_city,
          palyth_hydra_swamp_entry, guppyfry_snake_entry_garden,
          pf_torpor_hydra, uniq_rupert
Lair:4:   layout_roguey, slime_entry_1, grunt_megastairs_5,
          infiniplex_staircase_pool_2
Swamp:1:  layout_falls_marsh, nicolae_swamp_tree_isthmus, uniq_nikola
Swamp:2:  layout_basic_swamp, evilmike_swamp_ruin_rubble_2, swamp_pool1,
          uniq_kirke
Swamp:3:  layout_falls_marsh, serial_swamp_ruin, evilmike_swamp_ruin_wall,
          evilmike_swamp_ruin_house_1
Swamp:4:  swamp_old_school, layout_basic_swamp, swamp_pool3, uniq_donald
Snake:1:  layout_onion_interference, serial_shops, bzr_entry_road,
          evilmike_ambush [evilmike_ambush_outer_basic,
          evilmike_ambush_inner_wall_1]

Skill      XL: |  1  2  3  4  5  6  7  8  9 10 11 12 13 14 15 16 |
---------------+-------------------------------------------------+-----
Axes           | 3 4 5 6 7 8 9 13 16 17 | 17.9
Invocations    | 2 3 4 7 11 13 14 15 16 | 16.9
Fighting       | 6 7 9 11 14 16 | 16.6
Armour         | 5 8 10 11 13 | 13.3
Dodging        | 3 6 8 10 11 | 11.7
Shields        | 5 8 10 12 15 | 15.6
Maces & Flails | 1 |  1.6

Action                     |  1- 3 |  4- 6 |  7- 9 | 10-12 | 13-15 | 16-18 || total
---------------------------+-------+-------+-------+-------+-------+-------++-------
  Melee: War axe           |    97 |    98 |   160 |   342 |       |       ||   697
         Headbutt          |    21 |    11 |    22 |    86 |   194 |    93 ||   427
         Broad axe         |       |       |       |    44 |   764 |   333 ||  1141
 Invoke: Minor Destruction |       |       |    11 |     3 |     7 |     3 ||    24
         Lesser Servant of |       |       |     1 |     8 |     8 |     5 ||    22
         Major Destruction |       |       |       |       |    14 |     4 ||    18
         Greater Servant o |       |       |       |       |     7 |     4 ||    11
    Use: Scroll            |     4 |     2 |     1 |     9 |    21 |     3 ||    40
         Potion            |     1 |       |       |       |     1 |     7 ||     9
   Stab: Distracted        |       |       |       |     2 |     7 |     3 ||    12
         Petrified         |       |       |       |       |     6 |       ||     6
 Armour: Scale mail        |    48 |    48 |    90 |    74 |       |       ||   260
         Fire dragon scale |       |       |       |   196 |   475 |   333 ||  1004
  Dodge: Dodged            |    37 |    37 |    57 |   148 |   269 |   193 ||   741
  Block: Buckler           |    22 |    13 |    33 |    86 |   110 |       ||   264
         Kite shield       |       |       |       |       |   127 |   288 ||   415
         Reflection        |       |       |       |       |     3 |    16 ||    19

Table legend: (Time is in decaauts)
 A = Elapsed time spent in this place.
 B = Non-inter-level travel time spent in this place.
 C = Inter-level travel time spent in this place.
 D = Time resting spent in this place.
 E = Time spent auto-exploring this place.
 F = Levels seen in this place.
 G = Mean time per level.
                   A        B        C        D        E       F      G
               +--------+--------+--------+--------+--------+-----+--------+
         Total |  21693 |  20637 |   1056 |   1974 |  13958 |  27 |  803.4 |
       Dungeon |  12929 |  12307 |    622 |    976 |   8317 |  15 |  861.9 |
        Temple |     56 |      2 |     54 |      0 |      0 |   1 |   56.0 |
          Lair |   4588 |   4312 |    276 |    220 |   3410 |   4 | 1147.0 |
         Swamp |   3765 |   3662 |    103 |    777 |   2137 |   4 |  941.2 |
     Snake Pit |     33 |     33 |      0 |      0 |      0 |   1 |   33.0 |
         Abyss |     48 |     48 |      0 |      0 |      0 |   1 |   48.0 |
        Bailey |    270 |    270 |      0 |      0 |     94 |   1 |  270.0 |
               +--------+--------+--------+--------+--------+-----+--------+

Top non-repeatable levels by time:
  Lair:3: 1725 daAuts
 Swamp:4: 1675 daAuts
    D:12: 1622 daAuts
    D:14: 1260 daAuts
     D:5: 1087 daAuts
 Swamp:3: 1065 daAuts
  Lair:2: 1065 daAuts
  Lair:1: 1061 daAuts
    D:15: 1033 daAuts
     D:9: 966 daAuts
     D:1: 907 daAuts
    D:11: 873 daAuts
     D:8: 746 daAuts
  Lair:4: 736 daAuts
     D:7: 706 daAuts
